[Event "Live Chess"]
[Site "Chess.com"]
[Date "2024.06.02"]
[Round "-"]
[White "CarmelJane"]
[Black "r0ad_t0-gm"]
[Result "1-0"]
[WhiteElo "2037"]
[BlackElo "2237"]
[TimeControl "300"]
[EndTime "7:45:25 PDT"]
[Termination "CarmelJane won by checkmate"]

1. e4 c5 2. Nf3 Nc6 3. Bb5 e5 4. Bxc6 dxc6 5. Nxe5 Qd4 6. Nf3 Qxe4+ 7. Qe2 Qxe2+ 8.
Kxe2 Bf5 9. d3 O-O-O 10. Re1 Re8+ 11. Kf1 Rxe1+ 12. Kxe1 c4 13. Ne5 Be6 14. Nxc4 Bxc4 15. dxc4 Bd6 16. g3 Nf6 17. h3 Re8+ 18. Kf1 Re4 19.
Nd2 Rd4 20. c3 Rd3 21. Ke2 Rxd2+ 22. Bxd2 Ne4 23. Be3 b6 24. Rd1 Kc7 25. Bf4 Bxf4 26. gxf4 Nd6 27. Rg1 g6 28. h4 Nxc4 29. b3 Nd6 30. h5 Ne4 31. c4 Nc3+ 32. Kd3 Nxa2 33. hxg6 hxg6 34. f5 gxf5 35. Rg7 Kd6 36. Rxf7 Nc1+ 37.
Kc2 Ne2 38. Rxa7 c5 39. Rh7 Nd4+ 40. Kc3 Ne2+ 41. Kc2 Nd4+ 42. Kb2 b5 43. cxb5 Nxb5 44. f4 Kd5 45. Re7 Nd4 46. Re5+ Kd6 47. Kc3 Nb5+ 48.
Kd3 Nd4 49. Kc4 Nc2 50. Rxc5 Ke6 51. Re5+ Kd6 52. b4 Kc6 53. Kc3 Na3 54. Rxf5 Nb5+ 55. Rxb5 Kxb5 56. Kd4 Kc6 57. Ke5 Kd7 58. f5 Ke7 59. f6+ Kd7 60. b5 Kc7 61. f7 Kb6 62. f8=Q Kxb5 63. Qc8 Kb4 64. Kd4 Kb3 65. Qc3+ Ka2 66.
Qb4 Ka1 67. Kc3 Ka2 68. Qb2# 1-0

[Event "Live Chess"]
[Site "Chess.com"]
[Date "2024.06.02"]
[Round "-"]
[White "Pandreq"]
[Black "Purple1szed"]
[Result "0-1"]
[WhiteElo "1236"]
[BlackElo "2013"]
[TimeControl "300"]
[EndTime "7:45:28 PDT"]
[Termination "Purple1szed won by resignation"]

1. d4 d5 2. c4 c6 3. Nc3 Nf6 4. Nf3 dxc4 5. a4 Bf5 6. e3 e6 7.
Bxc4 Bb4 8. Bd2 O-O 9. O-O c5 10.
Re1 Nc6 11. e4 Bg6 12. e5 Nd5 13. Nxd5 Bxd2 14. Qxd2 exd5 15. Bb3 c4 16. Bc2 a5 17. Bxg6 hxg6 18. Qc3 Qb6 19. Rad1 Qb4 20. Re3 Rfe8 21. Rde1 Qxc3 22. bxc3 Nd8 23. Nd2 Ne6 24. Rb1 Re7 25. Rb5 Rd7 26. Nf3 Ra6 27. Re2 Nc7 28. Rb1 b5 29.
axb5 Rb6 30. Ra2 Rd8 31. Rxa5 Rdb8 32. Nd2 f6 33. exf6 gxf6 34. g4 Rxb5 35. Raxb5 Rxb5 36. Rxb5 Nxb5 37. Nb1 Kf7 38. f4 Ke6 39. Kf2 Kd6 40. Ke3 Kc6 41. h4 Nd6 42. Nd2 Kd7 43. Nf3 Ke6 44. g5 fxg5 45. hxg5 Ne4 46. Ne5 Kf5 47.
Kf3 Nxc3 48. Nxg6 Kxg6 49. Kg4 Ne4 50. f5+ Kg7 51. f6+ Nxf6+ 52. gxf6+ Kxf6 53. Kf3 Kf5 54. Ke3 Kg4 55. Ke2 Kf4 56. Kd2 Kf3 57. Kc3 Ke3 0-1

[Event "Live Chess"]
[Site "Chess.com"]
[Date "2024.06.02"]
[Round "-"]
[White "jimwad"]
[Black "juniortay"]
[Result "0-1"]
[WhiteElo "1332"]
[BlackElo "2306"]
[TimeControl "300"]
[EndTime "7:45:29 PDT"]
[Termination "juniortay won by resignation"]

1. d4 d5 2. c4 e6 3. Nc3 c5 4. e3 Nf6 5. Nf3 Nc6 6. dxc5 Bxc5 7.
cxd5 exd5 8. Bb5 O-O 9. Bxc6 bxc6 10. O-O Re8 11. a3 a5 12. Na4 Bd6 13. Bd2 Ne4 14. Bc3 Re6 15. Nd4 Bxh2+ 16. Kh1 Rh6 17. Nf3 Bg4 18. Qe1 Bxf3 19. gxf3 Qh4 0-1

[Event "Live Chess"]
[Site "Chess.com"]
[Date "2024.06.02"]
[Round "-"]
[White "DavrosLight"]
[Black "Inglaterra"]
[Result "0-1"]
[WhiteElo "802"]
[BlackElo "2041"]
[TimeControl "300"]
[EndTime "7:46:08 PDT"]
[Termination "Inglaterra won by resignation"]

1. e4 e5 2. Nc3 Nf6 3. Nf3 Bb4 4. Nxe5 O-O 5. d4 Nxe4 6. Qf3 d5 7. Bd3 Nxc3 8. Bxh7+ Kxh7 9. Qh5+ Kg8 10. bxc3 Bxc3+ 11. Kf1 Bxa1 12. Bh6 Bxd4 13. Bg5 Qd6 14. Nxf7 Rxf7 0-1

[Event "Live Chess"]
[Site "Chess.com"]
[Date "2024.06.02"]
[Round "-"]
[White "Duke_of_Bebington"]
[Black "NAZRIZ1977"]
[Result "0-1"]
[WhiteElo "1587"]
[BlackElo "2080"]
[TimeControl "300"]
[EndTime "7:46:10 PDT"]
[Termination "NAZRIZ1977 won by resignation"]

1. e4 c6 2. d4 d5 3. e5 Bf5 4. g4 Be4 5. f4 Bxh1 6. Bd3 Be4 7. e6 fxe6 8. Qe2 Bxd3 9. Qxd3 Nf6 10. g5 Ne4 11. Nd2 g6 12. Nxe4 dxe4 13. Qxe4 Qd5 0-1

[Event "Live Chess"]
[Site "Chess.com"]
[Date "2024.06.02"]
[Round "-"]
[White "Ginger_GM"]
[Black "Hoogleboogle"]
[Result "1-0"]
[WhiteElo "2665"]
[BlackElo "1258"]
[TimeControl "300"]
[EndTime "7:46:19 PDT"]
[Termination "Ginger_GM won on time"]

1. e4 c6 2. Bc4 d5 3. Bb3 e5 4. Nc3 d4 5. Nce2 Nf6 6. d3 Be6 7. Bxe6 fxe6 8. Nf3 Bd6 9. O-O O-O 10. c3 c5 11. a4 a5 12. Qb3 Qd7 13. Nd2 Nc6 14. Nc4 Rab8 15. Bg5 h6 16. Bxf6 Rxf6 17. Qb5 Rf7 18. Nxa5 Nxa5 19. Qxa5 Rff8 20. Qb5 Qxb5 21. axb5 b6 22. Ra6 Rb7 23. c4 Bc7 24. Rfa1 Rfb8 25. Nc1 Bd8 26. Nb3 Kf7 27. Nd2 Bg5 28. Nb1 Bc1 29.
R1a2 g5 30. Kf1 h5 31. Na3 h4 32. h3 Bd2 33. Ke2 Ba5 34. Nc2 Kf6 35. Ra4 Kg6 36. b4 cxb4 37. Nxb4 Bxb4 38. Rxb4 Kh5 39. Rba4 g4 40. hxg4+ Kxg4 41. Ra8 Kf4 42. Rxb8 Rxb8 43. Ra7 Kg5 44. Rg7+ Kf6 45. Rh7 Kg5 46. Re7 Kf6 47.
Ra7 Kg5 48. Kf1 Kf4 49. Kg1 Kg4 50. Kh2 Kh5 51. Kh3 Rf8 52. f3 Rb8 53. Rh7+ Kg5 54. Rxh4 Ra8 55. Rg4+ Kf6 56. f4 1-0

[Event "Live Chess"]
[Site "Chess.com"]
[Date "2024.06.02"]
[Round "-"]
[White "nitrofish07"]
[Black "gobbles19"]
[Result "0-1"]
[WhiteElo "2080"]
[BlackElo "2214"]
[TimeControl "300"]
[EndTime "7:46:20 PDT"]
[Termination "gobbles19 won by resignation"]

1. d4 Nf6 2. c4 e6 3. g3 c5 4. d5 exd5 5. cxd5 d6 6. Bg2 g6 7. Nc3 Bg7 8. Nf3 O-O 9. O-O Re8 10.
a4 Na6 11. Nd2 Nc7 12. e4 b6 13. Qc2 Ba6 14. Re1 Nfxd5 15. Rd1 Nb4 16. Qb3 Ne6 17. Nc4 Nd4 18. Rxd4 cxd4 19. Qxb4 dxc3 20. bxc3 Bxc4 21. Qxc4 Rc8 22. Qd5 Bxc3 23. Rb1 Qf6 24. Ba3 Bd4 25. Rf1 Rc2 26. Qxd6 Rxf2 0-1

[Event "Live Chess"]
[Site "Chess.com"]
[Date "2024.06.02"]
[Round "-"]
[White "dl_chess"]
[Black "missedJariChance"]
[Result "1-0"]
[WhiteElo "1210"]
[BlackElo "1366"]
[TimeControl "300"]
[EndTime "7:46:39 PDT"]
[Termination "dl_chess won by resignation"]

1. e4 c5 2. Nf3 e6 3. d4 cxd4 4. Nxd4 Nc6 5. Nc3 a6 6. Be3 Qc7 7. Bd3 Nf6 8. f3 Be7 9. Qd2 Bb4 10. a3 Ba5 11. b4 Bb6 12. Nxc6 Bxe3 13. Qxe3 Qxc6 14.
Ne2 O-O 15. O-O d5 16. Nd4 Qc7 17. e5 Nd7 18. f4 Nb6 19. Qh3 h6 20. Rf3 Qc3 21.
Bh7+ Kxh7 22. Rxc3 1-0

[Event "Live Chess"]
[Site "Chess.com"]
[Date "2024.06.02"]
[Round "-"]
[White "stevochess11"]
[Black "blunderabit"]
[Result "1-0"]
[WhiteElo "1692"]
[BlackElo "1766"]
[TimeControl "300"]
[EndTime "7:46:45 PDT"]
[Termination "stevochess11 won on time"]

1. d4 d5 2. Nf3 Nf6 3. e3 e6 4. Bd3 Bd6 5. O-O O-O 6. Nbd2 c5 7. b3 Nc6 8. a3 cxd4 9. exd4 b6 10. Bb2 Bb7 11. Qe2 Ne7 12. Ne5 g6 13. f4 Nf5 14. g4 Ng7 15. f5 exf5 16. gxf5 Re8 17. fxg6 fxg6 18. Ndf3 Ne4 19. c4 Ng5 20. Rae1 Nh3+ 21.
Kh1 Nf4 22. Qe3 Ngh5 23. Rg1 Kg7 24. Rg4 dxc4 25. bxc4 Nxd3 26. Qxd3 Bxe5 27. Kg1 Bxf3 28. Qxf3 Bf6 29. Rf1 Bxd4+ 30. Bxd4+ Kh6 31. Be3+ 1-0

[Event "Live Chess"]
[Site "Chess.com"]
[Date "2024.06.02"]
[Round "-"]
[White "Queensandpawns"]
[Black "agamilewska"]
[Result "1-0"]
[WhiteElo "2273"]
[BlackElo "1776"]
[TimeControl "300"]
[EndTime "7:46:55 PDT"]
[Termination "Queensandpawns won by resignation"]

1. e4 e5 2. Nf3 Nc6 3. d4 exd4 4. c3 d5 5. e5 dxc3 6. Nxc3 Bb4 7. a3 Bxc3+ 8.
bxc3 Nge7 9. Bd3 O-O 10. Qc2 h6 11. O-O Bg4 12. Kh1 Bxf3 13. gxf3 d4 14. Rg1 Nxe5 15. Bxh6 N7g6 16. Bg5 Qd7 17. cxd4 Nxf3 18. Rg3 Nxg5 19.
Rxg5 Qxd4 20. Rag1 Rad8 21. Bxg6 fxg6 22. Qxg6 Rf7 23. Rh5 Qxf2 24. Qh7+ Kf8 25. Qh8+ Ke7 26. Re5+ Kd6 27. Qxd8+ Kxe5 28. Rg5+ Ke4 29. Qd5+ Ke3 30. Re5+ Kf4 31. Qxf7+ Kxe5 32. Qxf2 1-0

[Event "Live Chess"]
[Site "Chess.com"]
[Date "2024.06.02"]
[Round "-"]
[White "best137"]
[Black "DJ_Lambton"]
[Result "0-1"]
[WhiteElo "1517"]
[BlackElo "1805"]
[TimeControl "300"]
[EndTime "7:47:05 PDT"]
[Termination "DJ_Lambton won by checkmate"]

1. c4 c6 2. Nc3 d5 3. d4 Nf6 4. Nf3 dxc4 5. e4 b5 6. a4 b4 7. Na2 a5 8. e5 Nd5 9. Bxc4 e6 10.
Bg5 Be7 11. Bxe7 Qxe7 12. O-O Ba6 13. Rc1 Nd7 14. Bxa6 Rxa6 15. Qd3 Rb6 16. Rc2 O-O 17. Nc1 Rc8 18. h4 c5 19. Ng5 g6 20. Nb3 Rbc6 21. dxc5 Nxc5 22. Nxc5 Rxc5 23. Rxc5 Qxc5 24.
h5 Nf4 25. Qd7 Qc7 26. Qxc7 Rxc7 27. h6 Rc5 28. Rd1 Kf8 29. Rd7 Rxe5 30. Rxf7+ Ke8 31. Rxf4 Rxg5 32. g3 Rh5 33. Rh4 Rxh4 34. gxh4 Kf7 35. Kg2 Kf6 36. Kf3 Kf5 37. b3 e5 38. Kg3 Ke4 39. f3+ Kf5 40. Kf2 Kf4 41. Ke2 Kg3 42.
Ke3 Kxh4 43. Ke4 Kg5 44. Kxe5 Kxh6 45. f4 Kg7 46. f5 g5 47. f6+ Kf7 48. Kf5 h6 49. Ke5 g4 50. Kf4 h5 51. Kg5 g3 52.
Kxh5 g2 53. Kh6 g1=Q 54. Kh7 Qh2# 0-1

[Event "Live Chess"]
[Site "Chess.com"]
[Date "2024.06.02"]
[Round "-"]
[White "Zhevzh1k7"]
[Black "yarek"]
[Result "0-1"]
[WhiteElo "1112"]
[BlackElo "1754"]
[TimeControl "300"]
[EndTime "7:47:20 PDT"]
[Termination "yarek won by checkmate"]

1. e4 g6 2. Nf3 Bg7 3. Bc4 c6 4.
Nc3 e6 5. d4 d5 6. Bb3 dxe4 7.
Nxe4 Nf6 8. Bg5 O-O 9. O-O Nbd7 10. Qd3 Qc7 11. Nxf6+ Nxf6 12. Rfe1 b6 13. c4 Bb7 14.
Rad1 c5 15. dxc5 Qxc5 16. Re5 Qc6 17. Re3 Ng4 18. Re2 Ne5 19. Qe3 Nxf3+ 20. Qxf3 Qxf3 21.
gxf3 Bxf3 22. Rdd2 Bxe2 23. Rxe2 h6 24. Be7 Rfe8 25.
Ba3 Red8 26. c5 bxc5 27. Bxc5 Rdc8 28. Be3 Rc7 29. Bf4 Rd7 30. Ba4 Rd4 31. Bc6 Rc8 32. Bb7 Rd1+ 33. Kg2 Rc4 34. Be3 Rg4+ 35. Kf3 h5 36. Bxa7 Ra4 37. Be3 Rxa2 38. b4 Rxe2 39. Kxe2 Rb1 40. Bc5 Bf8 41. Bxf8 Kxf8 42. Be4 Rxb4 43.
Kd3 f5 44. Bf3 Kf7 45. Bc6 Kf6 46. Ke3 e5 47. Kd3 Rb3+ 48. Kc2 Rh3 49. Kd2 Rxh2 50.
Ke2 e4 51. Ke3 Ke5 52. Bb5 f4+ 53. Ke2 e3 54. Kd3 Rxf2 55. Kc4 Rd2 56. Bc6 e2 57. Be4 Kxe4 58. Kb5 Rc2 59. Kb4 e1=Q+ 60. Kb3 Qb1+ 61. Ka3 Ra2# 0-1

[Event "Live Chess"]
[Site "Chess.com"]
[Date "2024.06.02"]
[Round "-"]
[White "JohanKjeldahl"]
[Black "educatedlad"]
[Result "0-1"]
[WhiteElo "1801"]
[BlackElo "1748"]
[TimeControl "300"]
[EndTime "7:47:23 PDT"]
[Termination "educatedlad won by resignation"]

1. e4 c5 2. Nf3 e6 3. d4 cxd4 4. Nxd4 Nc6 5. Nc3 a6 6. Be3 Nf6 7. Qd2 e5 8. Nf5 d5 9. exd5 Bxf5 10. dxc6 Qc7 11. cxb7 Qxb7 12. Bd3 Rd8 13. O-O e4 14. Qe2 exd3 15. cxd3 Bxd3 16. Qd1 Bxf1 17. Qa4+ Bb5 18. Nxb5 axb5 19. Qb3 Be7 0-1

[Event "Live Chess"]
[Site "Chess.com"]
[Date "2024.06.02"]
[Round "-"]
[White "NeilDruggan73"]
[Black "wadsy27"]
[Result "0-1"]
[WhiteElo "1718"]
[BlackElo "2603"]
[TimeControl "300"]
[EndTime "7:47:39 PDT"]
[Termination "wadsy27 won on time"]

1. d4 d5 2. Bg5 Nf6 3. Bxf6 exf6 4. e3 c6 5. g3 Bd6 6. Bg2 O-O 7. Ne2 a5 8. a3 b5 9. O-O Bf5 10. Nd2 Re8 11.
b3 a4 12. c4 axb3 13. c5 Bc2 14. Qc1 Bc7 15. Qb2 Nd7 16. Nxb3 Bxb3 17. Qxb3 Qb8 18. Rfb1 f5 19. Bh3 g6 20. Nf4 Bxf4 21. gxf4 Nf6 22.
f3 Ra4 23. Rd1 Qa7 24. Kf2 Ra8 25. Rd3 b4 26. Bf1 Rxa3 27. Rxa3 bxa3 28. Qa2 Ne8 29. Rb3 Qa4 30. Rb6 Nc7 31. Bd3 Ne6 32. Bc2 Qa5 33. Bd3 Qc3 34. Be2 Nxd4 35. exd4 Qxd4+ 36. Kg2 Qxc5 37. Rb3 Qd6 38. Kg3 h5 39. h4 Ra4 40. Qd2 a2 41.
Re3 Qxf4+ 42. Kg2 Qxe3 43. Qxe3 a1=Q 44. Qe8+ Kg7 45. Qe5+ Qxe5 0-1

[Event "Live Chess"]
[Site "Chess.com"]
[Date "2024.06.02"]
[Round "-"]
[White "ProfPoisson"]
[Black "booktrunk"]
[Result "0-1"]
[WhiteElo "1334"]
[BlackElo "1495"]
[TimeControl "300"]
[EndTime "7:47:46 PDT"]
[Termination "booktrunk won by resignation"]

1. e4 b6 2. Nc3 Bb7 3. f4 e6 4. Nf3 h6 5. Bc4 Bb4 6. O-O Bxc3 7. bxc3 Bxe4 8. d3 Bb7 9. Ba3 Ne7 10. Qe1 O-O 11.
Qg3 Re8 12. Rae1 Nf5 13. Qg4 a5 14. Ne5 d5 15. Bb5 c6 16. Ba4 b5 17. Bb3 a4 18. Nxf7 Kxf7 19. Qh5+ Kg8 20. Bxd5 cxd5 21. Qg6 Nd7 22. Rxe6 Rxe6 23. Qxe6+ Kh8 24. Qxf5 Nf6 25. Re1 Bc8 26. Qg6 Ng8 27. Re8 Qf6 28. Qg3 Bb7 29. Re5 Rc8 30. c4 bxc4 31. dxc4 Rxc4 32. Qd3 Rc8 33. g3 Qc6 34. Rh5 Qxc2 35. Qg6 Qxg6 0-1

[Event "Live Chess"]
[Site "Chess.com"]
[Date "2024.06.02"]
[Round "-"]
[White "goldinspiredphoenix"]
[Black "LL220284LL"]
[Result "0-1"]
[WhiteElo "1501"]
[BlackElo "2467"]
[TimeControl "300"]
[EndTime "7:47:48 PDT"]
[Termination "LL220284LL won by checkmate"]

1. d4 g6 2. c4 Bg7 3. Nc3 c5 4. e3 cxd4 5. exd4 Nf6 6. Bf4 d6 7. Nf3 O-O 8. Be2 Bg4 9. O-O Nc6 10. h3 Bxf3 11. Bxf3 Rc8 12. Be3 a6 13. Qb3 Na5 14. Qb4 Rxc4 15. Qa3 Rc8 16. Rac1 b5 17. b4 Nc4 18.
Qxa6 Nxe3 19. fxe3 Bh6 20. Rfe1 Qd7 21. Kf2 Rb8 22. Qc6 Qa7 23. Rc2 Rfc8 24. Nxb5 Rxc6 25. Bxc6 Qa4 26. Rb2 Rxb5 27. Bxb5 Qxb5 28. Rd1 Ne4+ 29. Kf3 Qf5+ 30. Ke2 Qf2+ 31. Kd3 Qxb2 32. Kxe4 Qc2+ 33. Kf3 Qxd1+ 34. Kf2 Qd2+ 35. Kf1 Bxe3 36. g4 Qf2# 0-1

[Event "Live Chess"]
[Site "Chess.com"]
[Date "2024.06.02"]
[Round "-"]
[White "Larchikov"]
[Black "Colm_Buckley"]
[Result "1-0"]
[WhiteElo "2097"]
[BlackElo "1877"]
[TimeControl "300"]
[EndTime "7:47:57 PDT"]
[Termination "Larchikov won by resignation"]

1. e4 e6 2. Nf3 g6 3. d4 Bg7 4. c3 b6 5. Bd3 Bb7 6. O-O c5 7. Bg5 f6 8. Bf4 cxd4 9. cxd4 Ne7 10. Qd2 O-O 11. Nc3 Nbc6 12. d5 exd5 13. exd5 Nb4 14. Bd6 Nxd3 15. Qxd3 Re8 16. Rfe1 Nf5 17. Bf4 Rxe1+ 18. Rxe1 Qf8 19. g4 Nd6 20. Bxd6 Qxd6 21. Nb5 Qxd5 22. Qxd5+ Bxd5 23. Nc7 Bxf3 24. Nxa8 Kf7 25.
Nc7 Bxg4 26. Nb5 Be6 27. b3 a6 28. Nd6+ Kf8 29. Rc1 Bh6 30. Rc8+ Kg7 31. Rb8 Bf4 32. Rxb6 a5 33. Ra6 a4 34. bxa4 Bxa2 35. Ra7 Be6 36. Ne8+ Kf7 37. Nc7 1-0

[Event "Live Chess"]
[Site "Chess.com"]
[Date "2024.06.02"]
[Round "-"]
[White "imchessive"]
[Black "80Times"]
[Result "1-0"]
[WhiteElo "1597"]
[BlackElo "1875"]
[TimeControl "300"]
[EndTime "7:47:57 PDT"]
[Termination "imchessive won by resignation"]

1. d4 e6 2. g3 f5 3. Bg2 Nf6 4. c4 Be7 5. Nc3 O-O 6. Nf3 d6 7. O-O Ne4 8. Nd2 Nxc3 9. bxc3 d5 10. cxd5 exd5 11. Qb3 c6 12. Re1 Qb6 13. Nf3 Nd7 14. Bf4 g5 15. Bxg5 Bd6 16. Qc2 Qc7 17. Bh3 Nb6 18. Nh4 f4 19. Bxc8 Raxc8 20. Nf3 fxg3 21.
hxg3 Bxg3 22. Kg2 Bf4 23. Rh1 Qg7 24. Rag1 h6 25. Rxh6 Bxg5 26. Rg6 1-0

[Event "Live Chess"]
[Site "Chess.com"]
[Date "2024.06.02"]
[Round "-"]
[White "stevochess11"]
[Black "GoldsmanB"]
[Result "1-0"]
[WhiteElo "1693"]
[BlackElo "1109"]
[TimeControl "300"]
[EndTime "7:48:00 PDT"]
[Termination "stevochess11 won by resignation"]

1. d4 Nf6 2. Nf3 e6 3. e3 d5 4. Bd3 Nc6 5. c3 Bd6 6. Nbd2 O-O 7. O-O Bd7 8. e4 dxe4 9. Nxe4 Nxe4 10. Bxe4 Qf6 11.
Bg5 1-0

[Event "Live Chess"]
[Site "Chess.com"]
[Date "2024.06.02"]
[Round "-"]
[White "RichardABates"]
[Black "KeithArkell"]
[Result "1-0"]
[WhiteElo "2378"]
[BlackElo "2392"]
[TimeControl "300"]
[EndTime "7:48:17 PDT"]
[Termination "RichardABates won by resignation"]

1. d4 Nf6 2. Nf3 e6 3. c4 Bb4+ 4. Bd2 Bxd2+ 5. Qxd2 d6 6. Nc3 Qe7 7. e3 e5 8. Be2 O-O 9. O-O Bg4 10. Rfd1 Re8 11.
Rac1 c6 12. b4 e4 13. Ne1 Bxe2 14. Nxe2 Nbd7 15. b5 h5 16. a4 h4 17. h3 g5 18. a5 a6 19. bxc6 Kg7 20. cxd7 1-0

[Event "Live Chess"]
[Site "Chess.com"]
[Date "2024.06.02"]
[Round "-"]
[White "Dashman93"]
[Black "CheckThis4"]
[Result "0-1"]
[WhiteElo "2156"]
[BlackElo "2682"]
[TimeControl "300"]
[EndTime "7:48:30 PDT"]
[Termination "CheckThis4 won by resignation"]

1. e4 d5 2. Nc3 d4 3. Nce2 e5 4. Nf3 f6 5. Ng3 Be6 6. Bb5+ Nd7 7. Ba4 d3 8. cxd3 Nh6 9. d4 Bg4 10. dxe5 fxe5 11. h3 Be6 12. Nxe5 Bd6 13. Qh5+ Nf7 14. Nxd7 Bxd7 15. Bxd7+ Qxd7 16. O-O g6 17. Qd5 O-O-O 18. d4 Bxg3 19. Qxd7+ Rxd7 20. fxg3 Nd6 21. Re1 Re8 22. Bf4 Nxe4 23. Rac1 c6 24. Rc4 Rd5 25. Be5 Nd6 26.
Rc2 Kd7 27. Rce2 Nf5 28. Re4 h5 29. g4 hxg4 30. hxg4 Nh6 31. Rf1 Re7 32. Ree1 Nxg4 33. Bh8 Rxe1 34. Rxe1 Rh5 35. Bg7 Rh7 36. Be5 Re7 37.
Bg3 Rxe1+ 38. Bxe1 Ke6 39. Bc3 Kd5 40. Kf1 Ke4 41.
Ke2 b5 42. a3 Ne3 43. g3 g5 44. Be1 g4 45. Bf2 Nf5 46. d5 cxd5 47. Bxa7 Nxg3+ 48. Kf2 Nf5 49. b3 d4 50. a4 bxa4 51. bxa4 g3+ 52. Kg2 d3 53. Bc5 d2 0-1

[Event "Live Chess"]
[Site "Chess.com"]
[Date "2024.06.02"]
[Round "-"]
[White "ameetghasi100"]
[Black "davigator"]
[Result "1-0"]
[WhiteElo "2750"]
[BlackElo "2336"]
[TimeControl "300"]
[EndTime "7:48:44 PDT"]
[Termination "ameetghasi100 won by resignation"]

1. c4 Nf6 2. Nf3 g6 3. Nc3 Bg7 4. d4 O-O 5. e3 d6 6. Be2 Nc6 7. O-O e5 8. dxe5 dxe5 9. Qxd8 Rxd8 10. a3 Be6 11. Ng5 Nd7 12. Nxe6 fxe6 13. b4 e4 14. Bb2 Bxc3 15. Bxc3 Nce5 16. Rad1 Kf7 17. f4 exf3 18. gxf3 Nc6 19. f4 Nb6 20. e4 Na4 21. Ba1 a5 22. b5 Ne7 23. Be5 c6 24. h4 Nc5 25. Bf3 Nd3 26.
Bc7 Rd7 27. b6 Ke8 28. Bg4 Nc5 29. Rxd7 Kxd7 30. Rd1+ Ke8 31. Rd4 h5 32. Bh3 a4 33.
Kf2 Kf7 34. Ke3 Ke8 35. Bd6 Nd7 36. Bxe6 Nxb6 37. c5 Nbc8 38. Bc7 Na7 39. Rxa4 Nec8 40. Bb6 Ke7 41. Bxc8 Rxc8 42. Rxa7 1-0

[Event "Live Chess"]
[Site "Chess.com"]
[Date "2024.06.02"]
[Round "-"]
[White "E2E4colchester"]
[Black "Pablo_dmp"]
[Result "0-1"]
[WhiteElo "1162"]
[BlackElo "1996"]
[TimeControl "300"]
[EndTime "7:48:46 PDT"]
[Termination "Pablo_dmp won on time"]

1. d4 c5 2. dxc5 e6 3. Nc3 Bxc5 4. e3 Nf6 5. b3 a6 6. Bb2 Nc6 7. Nf3 O-O 8. Bd3 d5 9. Qe2 e5 10. O-O-O e4 11. Nd4 exd3 12. Qxd3 Ne5 13. Qe2 Qb6 14. a4 Bd7 15. f4 Nc6 16. Rd3 Rac8 17. Nxc6 bxc6 18.
e4 dxe4 19. Nxe4 Bf5 20. Nxf6+ gxf6 21. Rg3+ Bg6 22. f5 Bd4 23. fxg6 Bxb2+ 24. Kxb2 hxg6 25. Qh5 Qd4+ 26. Ka2 Qd2 27. Qc5 Rce8 28. Qxc6 Re2 29. Rc1 Kg7 30. Rb1 Qxc2+ 31. Qxc2 Rxc2+ 32. Rb2 Rc5 33. Ka3 a5 34. b4 axb4+ 35. Rxb4 Rh8 36. h3 Ra8 37. Rgb3 Raa5 38. Rb5 g5 39. Rxc5 Rxc5 40. Rb5 Rc2 41. g4 Rc3+ 42. Rb3 Rc7 43. a5 Kg6 44. Ka4 f5 45. gxf5+ Kxf5 46. a6 Ra7 47. Ka5 f6 48. Rb7 Ra8 49. Kb6 Rh8 50. a7 Kf4 51. Rb8 Rxh3 52. a8=Q Rb3+ 53. Kc7 Rc3+ 54. Kd7 Rd3+ 55. Ke7 f5 56. Rb4+ Kg3 57. Qb8+ f4 58. Rb2 g4 59. Qb6 Re3+ 60. Kf7 Rf3 0-1

[Event "Live Chess"]
[Site "Chess.com"]
[Date "2024.06.02"]
[Round "-"]
[White "Purple1szed"]
[Black "CarmelJane"]
[Result "0-1"]
[WhiteElo "2006"]
[BlackElo "2044"]
[TimeControl "300"]
[EndTime "7:49:17 PDT"]
[Termination "CarmelJane won by resignation"]

1. c4 e5 2. Nc3 Nf6 3. g3 Bb4 4. Bg2 O-O 5. e4 Bxc3 6. dxc3 d6 7. Ne2 Be6 8. b3 Nbd7 9. O-O Nc5 10. Qc2 h6 11. f4 exf4 12. Nxf4 Bd7 13. b4 Ne6 14. Nd5 Ng4 15. h3 Ne5 16. Bxh6 gxh6 17. Nf6+ Kg7 18. Nh5+ Kh8 19. Qd2 Qg5 20. Qe2 Bc6 21. h4 Qg4 22. Qxg4 Nxg4 23. b5 Bd7 24. Rad1 Ne3 0-1

[Event "Live Chess"]
[Site "Chess.com"]
[Date "2024.06.02"]
[Round "-"]
[White "TheSmoulderingMaster"]
[Black "elephantgerrald"]
[Result "1-0"]
[WhiteElo "1781"]
[BlackElo "852"]
[TimeControl "300"]
[EndTime "7:49:29 PDT"]
[Termination "TheSmoulderingMaster won on time"]

1. e4 e5 2. Nf3 Nf6 3. Nxe5 d6 4. Nf3 Be7 5. Nc3 O-O 6. Bc4 Nc6 7. O-O Bg4 8. h3 Bxf3 9. Qxf3 Nd4 10. Qg3 Nxc2 11. Rb1 Nb4 12. a3 Nc6 13. d3 Nd4 14. Bg5 d5 15. Bxf6 Bxf6 16. e5 Bxe5 17. Qxe5 dxc4 18. Nd5 1-0

[Event "Live Chess"]
[Site "Chess.com"]
[Date "2024.06.02"]
[Round "-"]
[White "JanMur7"]
[Black "TigerTank70"]
[Result "1-0"]
[WhiteElo "2283"]
[BlackElo "2179"]
[TimeControl "300"]
[EndTime "7:49:32 PDT"]
[Termination "JanMur7 won by resignation"]

1. c4 e5 2. Nf3 Nc6 3. e4 d6 4. d4 exd4 5. Nxd4 Be7 6. Nc3 Bf6 7.
Be3 Nge7 8. Be2 Ng6 9. Nxc6 bxc6 10. O-O a5 11. Qa4 Bd7 12. c5 O-O 13. cxd6 cxd6 14. Rfd1 Qe7 15. Qa3 c5 16. Nd5 Qd8 17. Nxf6+ Qxf6 18. Bxc5 dxc5 19. Rxd7 Ne5 20. Rdd1 Qc6 21. Qe3 Rab8 22.
b3 Rfe8 23. Rac1 Rbc8 24. h3 Nd7 25. Bg4 Rc7 26. Bxd7 Rxd7 27. Rxd7 Qxd7 28. Qxc5 h6 29. Qxa5 Rxe4 30. Qa8+ Re8 31. Qc6 Qe7 32. Qc2 Qb4 33. a4 Rb8 34. Rb1 Kh8 35. g3 g6 36. h4 Kh7 37.
Qc7 Kg7 38. Rc1 Rb7 39. Qc3+ 1-0

[Event "Live Chess"]
[Site "Chess.com"]
[Date "2024.06.02"]
[Round "-"]
[White "GoldsmanB"]
[Black "Dashman93"]
[Result "0-1"]
[WhiteElo "1109"]
[BlackElo "2156"]
[TimeControl "300"]
[EndTime "7:49:45 PDT"]
[Termination "Dashman93 won by resignation"]

1. d4 Nf6 2. c4 e5 3. dxe5 Ng4 4. f4 Bc5 5. Nh3 Nc6 6. Nc3 d6 7. Qd5 Be6 8. Qxc5 dxc5 9. Be3 Nxe3 10. Kf2 Ng4+ 11. Kg3 Nd4 0-1

[Event "Live Chess"]
[Site "Chess.com"]
[Date "2024.06.02"]
[Round "-"]
[White "ShanthamGrarks"]
[Black "lateforthesky"]
[Result "0-1"]
[WhiteElo "1899"]
[BlackElo "2078"]
[TimeControl "300"]
[EndTime "7:50:04 PDT"]
[Termination "lateforthesky won on time"]

1. d4 Nf6 2. Nc3 d5 3. Bf4 g6 4. e3 Bg7 5. Be2 O-O 6. h4 c5 7. h5 cxd4 8. exd4 Nc6 9. hxg6 fxg6 10. Qd2 Qa5 11. Nf3 Ne4 12. Nxe4 dxe4 13. Qxa5 Nxa5 14. Ng5 Rxf4 15. Nxh7 e6 16. c3 Bd7 17. g3 Rf7 18. Ng5 Re7 19. Nxe4 a6 20. Nc5 Bc6 21. Rh4 Bf6 22.
Rg4 Kf7 23. b4 b6 24. Nd3 Nb7 25. Rf4 Kg7 26. O-O-O Rh8 27. Rg4 Nd6 28. Nf4 Rh6 29.
Bd3 Nf5 30. Nxe6+ Rxe6 31. Bxf5 Re2 32. Rd2 Rxd2 33. Kxd2 Bf3 34. Rf4 gxf5 35. Rxf3 Kg6 36. Kd3 Rh1 37. Re3 Kf7 38. Re2 b5 39. a4 Bg5 40.
axb5 axb5 41. Ra2 Rd1+ 42. Ke2 Rc1 43. Ra7+ Kg6 44. Rc7 Rc2+ 45. Kf3 Bf6 46. Rc6 Kf7 47. Rc5 Ke6 48. Rxb5 Rxc3+ 49. Kg2 Bxd4 50. Rb8 Rc2 51. Re8+ Kf7 52. Rd8 Rxf2+ 53. Kh3 Be3 54. Rd3 Re2 0-1

[Event "Live Chess"]
[Site "Chess.com"]
[Date "2024.06.02"]
[Round "-"]
[White "StoreySniper"]
[Black "MagnersCarlsberg2870"]
[Result "1-0"]
[WhiteElo "2489"]
[BlackElo "1767"]
[TimeControl "300"]
[EndTime "7:50:06 PDT"]
[Termination "StoreySniper won by resignation"]

1. e4 d5 2. exd5 Nf6 3. Nf3 Qxd5 4. c4 Qh5 5. Be2 Bg4 6. Qb3 Nbd7 7. Qxb7 Rd8 8. d3 e6 9. Be3 Bd6 10. Nc3 O-O 11. Qxa7 Ra8 12. Qd4 e5 13. Nxe5 Bxe5 14. Bxg4 Nxg4 15. Qxd7 Nxe3 16. fxe3 Qh4+ 17. g3 Bxg3+ 18.
Kd2 Bf2 19. Raf1 Rad8 20. Qf5 Bxe3+ 21. Kxe3 Rfe8+ 22. Ne4 Qh6+ 23. Ke2 Rxe4+ 24. Qxe4 Qh5+ 25. Rf3 f6 26. Kd2 Qa5+ 27. Kc2 Qxa2 28. Rg1 Qa4+ 29. Kb1 Re8 30. Qd4 1-0